 Dungeon Crawl Stone Soup version 0.28.0-53-g5a82cb258f (webtiles) character file.

Game seed: 1257864482935560579

54 Zeld the Gusty (level 3, -1/19 HPs)
             Began as a Tengu Air Elementalist on May 21, 2022.
             Slain by a phantom (5 damage)
             ... on level 3 of the Dungeon.
             The game lasted 00:02:49 (3217 turns).

Zeld the Gusty (Tengu Air Elementalist)             Turns: 3217, Time: 00:02:49

Health: -1/19      AC:  2    Str:  8    XL:     3   Next: 91%
Magic:  0/8        EV: 12    Int: 17    God:
Gold:   21         SH:  0    Dex: 14    Spells: 2/8 levels left

rFire   . . .      SeeInvis .   (no weapon)
rCold   . . .      Faith    .   (no shield)
rNeg    . . .      Spirit   .   a - +0 robe
rPois   .          Reflect  .   (helmet restricted)
rElec   .          Harm     .   (no cloak)
rCorr   .          Rampage  .   (no gloves)
Will    .....                   (boots unavailable)
Stlth   ++........              (no amulet)
HPRegen 0.06/turn               (no ring)
MPRegen 0.11/turn               (no ring)

@: very slightly contaminated
A: beak, talons 3
a: no special abilities


You were on level 3 of the Dungeon.
You visited 1 branch of the dungeon, and saw 3 of its levels.

You collected 21 gold pieces.

Inventory:

Armour
 a - a +0 robe (worn)
Wands
 i - a wand of mindburst (7)
Scrolls
 b - 2 scrolls of magic mapping {unknown}
 c - a scroll of fog {unknown}
 d - a scroll of blinking {unknown}
 e - a scroll of teleportation {unknown}
 f - a scroll of enchant armour {unknown}
 g - a scroll of identify {unknown}
Potions
 h - a potion of berserk rage {unknown}


   Skills:
 - Level 2.1 Dodging
 - Level 2.0 Stealth
 * Level 3.0 Spellcasting
 + Level 2.5 Conjurations
 + Level 4.6 Air Magic


You had 2 spell levels left.
You knew the following spells:

 Your Spells              Type           Power      Damage    Failure   Level
a - Shock                 Conj/Air       56%        1d6       4%          1
b - Static Discharge      Conj/Air       14%        N/A       6%          2
c - Swiftness             Air            18%        N/A       8%          3

Your spell library contained the following spells:

 Spells                   Type           Power      Damage    Failure   Level
 Airstrike                Air            9%         N/A       26%         4
 Ozocubu's Armour         Ice            2%         N/A       45%         3
 Ozocubu's Refrigeration  Ice            1%         4d5       100%        7


Dungeon Overview and Level Annotations

Branches:
Dungeon (3/15)

Altars:
Vehumet


Innate Abilities, Weirdness & Mutations

You have a beak for a mouth.
You have claws for feet.


Message History

Found a stone staircase leading down.
No target in view!
A phantom comes into view.
The phantom moves out of view.
A phantom is nearby!
Casting: Shock (safe; 4% risk of failure)
Confirm with . or Enter, or press ? or * to list all spells.
Aiming: Shock (safe; 4% risk of failure)
Press: ? - help, Shift-Dir - straight line, f - phantom
Aim: a phantom (60% to hit)
Okay, then.
Casting: Shock (safe; 4% risk of failure)
Confirm with . or Enter, or press ? or * to list all spells.
The phantom is struck by an arc of lightning!
The phantom is moderately damaged.
You are struck by an arc of lightning.
The lightning grounds out.
The phantom hits you.
The phantom blinks!
You blink.
Found a brown potion.
Unknown command.
Casting: Static Discharge (safe; 6% risk of failure)
Confirm with . or Enter, or press ? or * to list all spells.
You miscast Static Discharge.
You are very lightly contaminated with residual magic.
Nothing appears to happen.
The phantom hits you.
The phantom blinks!
You blink.
Found a leather armour.
Found a radiant altar of Vehumet.
Unknown command.
Casting: Static Discharge (safe; 6% risk of failure)
Confirm with . or Enter, or press ? or * to list all spells.
The phantom is struck by an arc of lightning.
The phantom is heavily damaged.
You are struck by an arc of lightning.
The lightning grounds out.
The phantom misses you.
Unknown command.
Casting: Static Discharge (safe; 6% risk of failure)
Confirm with . or Enter, or press ? or * to list all spells.
The phantom is struck by an arc of lightning.
The phantom is heavily damaged.
You are struck by an arc of lightning.
* * * LOW HITPOINT WARNING * * *
The lightning grounds out.
The phantom hits you.
You die...

#.##.......#
#.###...####
+..........#
#..........#
#..........#
+......>...##
#...........#
.......§.W..#
....!.....@.#
..#######...#
. #...# ....#
§§...#
§≈§≈..#
[§§§...#
..≈._...#


You could see a phantom.

Vanquished Creatures
  An adder (D:2)
  A worm (D:2)
  A dart slug (D:2)
  2 ball pythons
  7 bats
  6 endoplasms
  2 giant cockroaches (D:2)
  4 hobgoblins
  5 kobolds
  3 goblins (D:1)
  6 rats
38 creatures vanquished.

Notes
Turn   | Place    | Note
-------+----------+-------------------------------------------
     0 | D:1      | Zeld the Tengu Air Elementalist began the quest for the
                  | Orb.
     0 | D:1      | Reached XP level 1. HP: 10/10 MP: 4/4
   268 | D:1      | Reached XP level 2. HP: 15/15 MP: 3/6
   284 | D:1      | Learned a level 2 spell: Static Discharge
   735 | D:1      | Found a faded altar of an unknown god.
   735 | D:1      | Noticed a shining eye
   740 | D:1      | Noticed a shining eye
   787 | D:1      | Noticed an eye of devastation
   848 | D:1      | Noticed an eye of devastation
  1492 | D:1      | Reached XP level 3. HP: 17/19 MP: 2/7
  1498 | D:1      | Learned a level 3 spell: Swiftness
  2055 | D:2      | Noticed Terence
  3210 | D:3      | Noticed a phantom
  3215 | D:3      | Found a radiant altar of Vehumet.
  3217 | D:3      | Slain by a phantom

Illustrated notes

Levels and vault maps discovered:
D:1:      dpeg_arrival_subterranean_lakeside_camping, layout_basic,
          hellmonk_ecumenical_altar_watching_god
D:2:      layout_loops_ring, uniq_terence
D:3:      layout_basic, old_standard_altar, mainiacjoe_overflow_chevrons,
          minitemple, mainiacjoe_overflow_concentric_impassable

Skill      XL: |  1  2  3 |
---------------+----------+-----
Conjurations   | 2 |  2.5
Spellcasting   | 3 |  3.0
Dodging        | |  2.1
Stealth        | |  2.0
Air Magic      | |  4.6

Action                   || total
-------------------------++-------
Melee: Unarmed           ||    28
       Kick              ||     6
       Peck              ||     2
       Punch             ||     2
 Cast: Shock             ||    20
       Static Discharge  ||    32
 Stab: Sleeping          ||     3
Armor: Robe              ||    14
Dodge: Dodged            ||    38
